 Dungeon Crawl Stone Soup version 0.26-a0-652-gafc20e3620 (webtiles) character file.

Game seed: 7716713453957998363

5540 pkoi the Carver (level 10, 0/91 HPs)
             Began as a Minotaur Monk on Sept 30, 2020.
             Was the Champion of Elyvilon.
             Slain by a yak (14 damage)
             ... on level 9 of the Dungeon on Oct 3, 2020.
             The game lasted 00:10:33 (8667 turns).

pkoi the Carver (Minotaur Monk)                     Turns: 8667, Time: 00:10:34

Health: 0/91       AC: 16    Str: 24    XL:     10   Next: 43%
Magic:  14/14      EV: 14    Int:  9    God:    Elyvilon [******]
Gold:   192        SH:  0    Dex: 16    Spells: 9/9 levels left

rFire    . . .     SeeInvis .   s - +0 long sword
rCold    + . .     Faith    .   (no shield)
rNeg     + . .     Spirit   .   w - +0 ring mail of Truth {rN+ Dex+2} (curse)
rPois    .         Reflect  .   (helmet restricted)
rElec    .         Harm     .   p - +1 cloak
rCorr    .         Rampage  +   t - +0 pair of gloves
MR       +....                  v - +2 pair of boots {rampage}
Stlth    +.........             b - amulet of regeneration
HPRegen  0.65/turn              j - ring of protection from cold
MPRegen  0.14/turn              u - +6 ring of strength

@: no status effects
A: retaliatory headbutt, horns 2, molten scales 1, blurry vision 1, clever 1,
magic resistance 1
a: Lesser Healing, Heal Other, Purification, Greater Healing, Divine Vigour,
Divine Protection, Renounce Religion


You were on level 9 of the Dungeon.
You worshipped Elyvilon.
Elyvilon was exalted by your worship.
You visited 1 branch of the dungeon, and saw 9 of its levels.

You collected 632 gold pieces.
You spent 440 gold pieces at shops.

Inventory:

Hand Weapons
 a - a +1 falchion
 s - a +0 long sword (weapon)
Missiles
 n - 7 boomerangs (quivered)
 o - 10 poisoned darts
Armour
 e - a +0 chain mail
 p - a +1 cloak (worn)
 t - a +0 pair of gloves (worn)
 v - a +2 pair of boots of rampaging (worn)
 w - the cursed +0 ring mail of Truth (worn) {rN+ Dex+2}
   (You bought it in a shop on level 7 of the Dungeon)

   It affects your dexterity (+2).
   It protects you from negative energy.
   It has a curse placed upon it.
 x - a +2 leather armour of poison resistance
 A - a scarf of shadows
Jewellery
 b - an amulet of regeneration (around neck)
 i - an uncursed amulet of faith {unknown}
 j - a ring of protection from cold (left hand)
 q - an uncursed ring of positive energy
 u - a +6 ring of strength (right hand)
 D - an uncursed ring of fire {unknown}
Wands
 y - a wand of iceblast (6)
 z - a wand of disintegration (18)
 C - a wand of acid (4)
Scrolls
 c - a scroll of enchant weapon
 d - 2 scrolls of amnesia
 f - 2 scrolls of identify
 k - 6 scrolls of teleportation
 l - 2 scrolls of remove curse
 B - a scroll of enchant armour
Potions
 g - 2 potions of mutation
 h - a potion of haste
 m - a potion of ambrosia {unknown}
 r - 2 potions of curing
 E - a potion of magic {unknown}


   Skills:
 + Level 9.1 Fighting
 + Level 10.7 Long Blades
 + Level 8.3 Armour
 + Level 4.2 Dodging
 - Level 1.5 Stealth
 + Level 6.9 Invocations
 + Level 3.7 Evocations


You had 9 spell levels left.
You didn't know any spells.
Your spell library contained the following spells:

 Spells                   Type           Power        Failure   Level
 Sandblast                Erth           #.....       52%         1
 Passwall                 Tmut/Erth      #.......     65%         2
 Stone Arrow              Conj/Erth      #.....       87%         3
 Petrify                  Tmut/Erth      #.......     99%         4
 Lee's Rapid Deconstruct  Erth           #.........   100%        5


Dungeon Overview and Level Annotations

Branches:
Dungeon (9/15)             Temple (0/1) D:6             Orc (0/2) D:9
   Lair: D:8-11

Altars:
Ashenzari
Cheibriados
Dithmenos
Elyvilon
Fedhas
Gozag
Hepliaklqana
Kikubaaqudgha
Makhleb
Nemelex Xobeh
Ru
Yredelemnul

Shops:
D:4 *   D:5 !   D:7 [


Innate Abilities, Weirdness & Mutations

You reflexively headbutt those who attack you in melee.
You have a pair of horns on your head.
You are partially covered in molten scales. (AC +2)
Scrolls take you a little longer to read.
Your mind is acute. (Int +2)
You are resistant to hostile enchantments. (MR+)


Message History

The yak gores you but does no damage.
You completely miss the yak.
The yak is almost dead.
You hit the yak but do no damage. You headbutt the yak, but do no damage.
The yak is almost dead.
The yak gores you!
* * * LOW HITPOINT WARNING * * *
You hit the yak but do no damage. You headbutt the yak, but do no damage.
The yak is almost dead.
The yak gores you.
* * * LOW HITPOINT WARNING * * *
You slash the yak!
You kill the yak!
You hit the yak. Your headbutt misses the yak.
The yak is heavily wounded.
The yak closely misses you.
You closely miss the yak.
The yak is heavily wounded.
The yak gores you!
You die...

#..._..#..#....#.....#
#.<..#........#######.....#
#....#.....................
#....##.._..#..............
#.....#######..............
#.....##§§§W#..............
#......##§§##..............
#......†####...............
#........Y@................
##+###########......#######
#......# #......# #......#
......# .... #######


You could see a yak.

Vanquished Creatures
  Harold (D:8)
  Pikel (D:5)
  Joseph (D:9)
  Psyche (D:8)
  A meliai (shapeshifter) (D:9)
  A hippogriff (D:9)
  4 yaks (D:9)
  Edmund (D:5)
  A water moccasin (D:9)
  3 sky beasts
  An ice beast (D:9)
  2 necrophages
  4 ogres
  3 centaurs
  Blork the orc (D:5)
  2 bullfrogs
  A water moccasin zombie (D:6)
  3 scorpions
  3 killer bees (D:9)
  5 wights (D:9)
  2 howler monkeys (D:7)
  5 hounds
  An orc priest (D:3)
  An orc wizard (D:8)
  6 worker ants
  2 killer bee zombies
  4 gnolls (D:9)
  12 adders
  3 shadow imps
  3 white imps
  An ufetubus (D:6)
  An ooze (D:3)
  An adder zombie (D:9)
  3 worms
  5 leopard geckos
  22 orcs
  7 bats
  3 giant cockroaches
  5 goblins (D:1)
  7 hobgoblins
  2 jackals (D:4)
  2 quokkas
  A ball python (D:2)
  4 frilled lizards
  11 kobolds
  A quokka skeleton (D:6)
  11 rats
166 creatures vanquished.

Notes
Turn   | Place    | Note
-------+----------+-------------------------------------------
     0 | D:1      | pkoi the Minotaur Monk began the quest for the Orb.
     0 | D:1      | Reached XP level 1. HP: 19/19 MP: 0/0
    63 | D:1      | Reached skill level 4 in Long Blades
   163 | D:1      | Reached XP level 2. HP: 21/26 MP: 1/1
   483 | D:1      | Reached skill level 5 in Long Blades
   519 | D:1      | Reached XP level 3. HP: 31/31 MP: 2/2
  1336 | D:2      | Found an ancient bone altar of Kikubaaqudgha.
  1426 | D:2      | Found an opulent altar of Gozag.
  1501 | D:2      | Noticed a necrophage
  1506 | D:2      | Killed a necrophage
  1506 | D:2      | Reached skill level 6 in Long Blades
  1506 | D:2      | Reached XP level 4. HP: 29/39 MP: 3/3
  1506 | D:2      | Reached XP level 5. HP: 33/45 MP: 4/4
  1593 | D:2      | Found a white marble altar of Elyvilon.
  1711 | D:2      | Reached skill level 7 in Long Blades
  1840 | D:2      | Became a worshipper of Elyvilon the Healer
  1840 | D:2      | Reached * piety under Elyvilon
  1840 | D:2      | Reached ** piety under Elyvilon
  2019 | D:3      | Noticed a centaur
  2030 | D:3      | Killed a centaur
  2030 | D:3      | Reached skill level 1 in Armour
  2030 | D:3      | Reached skill level 1 in Invocations
  2221 | D:3      | Upgraded the game from 0.26-a0-651-gb41185065b to
                  | 0.26-a0-652-gafc20e3620
  2273 | D:3      | Found a broken altar of Ashenzari.
  2318 | D:3      | Reached XP level 6. HP: 38/52 MP: 4/6
  3016 | D:4      | Gained mutation: You are resistant to hostile enchantments.
                  | (MR+) [potion of mutation]
  3016 | D:4      | Gained mutation: Your mind is acute. (Int +2) [potion of
                  | mutation]
  3016 | D:4      | Gained mutation: Scrolls take you a little longer to read.
                  | [potion of mutation]
  3016 | D:4      | Gained mutation: You are partially covered in molten
                  | scales. (AC +2) [potion of mutation]
  3077 | D:4      | Reached *** piety under Elyvilon
  3339 | D:4      | Found Qoloej's Assorted Antiques.
  4080 | D:4      | Reached **** piety under Elyvilon
  4375 | D:5      | Entered Level 5 of the Dungeon
  4435 | D:5      | Noticed Blork the orc
  4448 | D:5      | Killed Blork the orc
  4649 | D:5      | Noticed Edmund
  4710 | D:5      | Killed Edmund
  4710 | D:5      | Reached skill level 5 in Fighting
  4710 | D:5      | Reached XP level 7. HP: 61/61 MP: 6/8
  4763 | D:5      | Noticed Pikel
  4791 | D:5      | Killed Pikel
  4791 | D:5      | Reached skill level 8 in Long Blades
  4791 | D:5      | Reached XP level 8. HP: 7/70 MP: 9/9
  5121 | D:5      | Found a sparkling altar of Nemelex Xobeh.
  5151 | D:5      | Found Amaygr Fumu's Distillery.
  5388 | D:5      | Reached skill level 5 in Armour
  5609 | D:6      | Found a staircase to the Ecumenical Temple.
  5648 | D:6      | Reached skill level 9 in Long Blades
  5919 | D:6      | Reached skill level 5 in Invocations
  5981 | D:6      | Reached ***** piety under Elyvilon
  6037 | D:6      | Reached XP level 9. HP: 79/79 MP: 11/11
  6223 | D:7      | Found Tohum's Antique Armour Shop.
  6291 | D:7      | Bought a pair of gloves for 94 gold pieces
  6291 | D:7      | Bought a pair of embroidered boots for 157 gold pieces
  6291 | D:7      | Bought a transparent ring mail for 189 gold pieces
  6311 | D:7      | Identified the cursed +0 ring mail of Truth {rN+ Dex+2}
                  | (You bought it in a shop on level 7 of the Dungeon)
  6981 | D:8      | Found a snail-covered altar of Cheibriados.
  7109 | D:8      | Found a blossoming altar of Fedhas.
  7125 | D:8      | Noticed Harold
  7141 | D:8      | Reached skill level 1 in Evocations
  7158 | D:8      | Killed Harold
  7158 | D:8      | Reached skill level 10 in Long Blades
  7714 | D:8      | Found a burning altar of Makhleb.
  7806 | D:9      | Noticed Psyche
  7807 | D:9      | Noticed Joseph
  7819 | D:8      | Killed Psyche
  7866 | D:9      | Killed Joseph
  7866 | D:9      | Reached XP level 10. HP: 47/90 MP: 13/13
  7969 | D:9      | Found a staircase to the Orcish Mines.
  8022 | D:9      | Found a basalt altar of Yredelemnul.
  8335 | D:9      | Found a sacrificial altar of Ru.
  8507 | D:9      | Found a broken altar of Ashenzari.
  8617 | D:9      | Found a hazy altar of Hepliaklqana.
  8622 | D:9      | Found a shadowy altar of Dithmenos.
  8640 | D:9      | Reached ****** piety under Elyvilon
  8667 | D:9      | Slain by a yak

Illustrated notes

Levels and vault maps discovered:
D:1:      dpeg_arrival_renting, layout_loops_ring, minmay_misc_feat_iff
D:2:      layout_loops_ring, nicolae_overflow_crystal_walls,
          lemuel_coloured_pillars_altar, overflow_temple_1_default, st_stairs_7
D:3:      layout_basic, ashenzari_altar_1
D:4:      layout_layer_cave, serial_shops, nicolae_shop_waterfront
D:5:      layout_basic, kennysheep_mini_moat, serial_shops, shop,
          uniq_blork_the_orc, uniq_pikel, uniq_edmund
D:6:      layout_cave_pools, minmay_temple_entry_from_below_b
D:7:      layout_basic, serial_shops, shop
D:8:      layout_cave_pods, makhleb_grotto_becter, cheibriados_altar_1,
          fedhas_bush_and_centaur_altar, uniq_harold
D:9:      layout_gridville, riverfiend_overflow_shadow_ancestor,
          kennysheep_mini, nicolae_overflow_hidden_temple, marbit_many_paths,
          orc_0_dummy, uniq_joseph, uniq_psyche

Skill      XL: |  1  2  3  4  5  6  7  8  9 10 |
---------------+-------------------------------+-----
Long Blades    | 4 5 6 7 8 9 10 | 10.7
Fighting       | 4 5 6 7 8 9 |  9.1
Armour         | 1 3 4 6 7 8 |  8.3
Invocations    | 1 2 3 5 6 |  6.9
Evocations     | 3 |  3.7
Dodging        | 4 |  4.2
Stealth        | |  1.5

Action                   |  1- 3 |  4- 6 |  7- 9 | 10-12 || total
-------------------------+-------+-------+-------+-------++-------
Melee: Falchion          |    67 |   129 |    32 |       ||   228
       Headbutt          |    16 |    25 |    53 |    26 ||   120
       Long sword        |       |       |   198 |   100 ||   298
  Use: Potion            |       |     6 |     1 |       ||     7
       Scroll            |       |     5 |     6 |       ||    11
 Stab: Sleeping          |     2 |     4 |     1 |       ||     7
Armor: Robe              |    13 |    11 |       |       ||    24
       Chain mail        |       |    10 |    78 |       ||    88
       Ring mail         |       |       |    36 |    43 ||    79
Dodge: Dodged            |    66 |    81 |   114 |    69 ||   330
       Rpst.: Falchion   |    15 |    21 |     5 |       ||    41
       Long sword        |       |       |    27 |    18 ||    45

Table legend: (Time is in decaauts)
 A = Elapsed time spent in this place.
 B = Non-inter-level travel time spent in this place.
 C = Inter-level travel time spent in this place.
 D = Time resting spent in this place.
 E = Time spent auto-exploring this place.
 F = Levels seen in this place.
 G = Mean time per level.
                   A        B        C        D        E       F      G
               +--------+--------+--------+--------+--------+-----+--------+
         Total |   8612 |   8387 |    225 |   1138 |   6030 |   9 |  956.9 |
       Dungeon |   8612 |   8387 |    225 |   1138 |   6030 |   9 |  956.9 |
               +--------+--------+--------+--------+--------+-----+--------+

Top non-repeatable levels by time:
     D:4: 1577 daAuts
     D:5: 1206 daAuts
     D:1: 929 daAuts
     D:2: 927 daAuts
     D:3: 921 daAuts
     D:8: 871 daAuts
     D:9: 815 daAuts
     D:7: 736 daAuts
     D:6: 627 daAuts
